 Dungeon Crawl Stone Soup version 0.28.0-53-g5a82cb258f (webtiles) character file.

Game seed: 17785484387456695792

56 Woods the Insei (level 3, -4/28 HPs)
             Began as a Gnoll Transmuter on June 7, 2022.
             Killed by divine providence
             ... invoked by an orc priest
              (13 damage)
             ... on level 3 of the Dungeon.
             The game lasted 00:02:57 (2283 turns).

Woods the Insei (Gnoll Transmuter)                  Turns: 2283, Time: 00:02:57

Health: -4/28      AC:  2    Str:  9    XL:     3   Next: 97%
Magic:  7/9        EV: 22    Int: 14    God:
Gold:   66         SH:  0    Dex: 17    Spells: 3/12 levels left

rFire   . . .      SeeInvis .     - Unarmed
rCold   . . .      Faith    .   (shield currently unavailable)
rNeg    . . .      Spirit   .   (armour currently unavailable)
rPois   x          Reflect  .   (helmet currently unavailable)
rElec   .          Harm     .   (cloak currently unavailable)
rCorr   .          Rampage  .   (gloves currently unavailable)
Will    .....                   (boots currently unavailable)
Stlth   ++........              (no amulet)
HPRegen 0.09/turn               (no ring)
MPRegen 0.11/turn               (no ring)

@: spider-form
A: venomous fangs, tiny, (fangs 1), strong nose, distributed training
a: End Transformation


You were on level 3 of the Dungeon.
You were a venomous arachnid creature.
You visited 1 branch of the dungeon, and saw 3 of its levels.

You collected 66 gold pieces.

Inventory:

Armour
 a - a +0 robe (melded)
 d - a scarf of shadows (melded)
Jewellery
 f - a ring of protection from fire
Scrolls
 b - a scroll of torment {unknown}
 e - 3 scrolls of identify {unknown}
 g - a scroll of enchant armour {unknown}
 h - a scroll of summoning {unknown}
Potions
 c - 2 potions of haste {unknown}
 i - a potion of might {unknown}


   Skills:
 + Level 2.7 Fighting
 + Level 1.0 Short Blades
 + Level 1.0 Long Blades
 + Level 1.0 Axes
 + Level 1.0 Maces & Flails
 + Level 1.0 Polearms
 + Level 1.0 Staves
 + Level 1.0 Slings
 + Level 1.0 Bows
 + Level 1.0 Crossbows
 + Level 1.0 Throwing
 + Level 1.0 Armour
 + Level 4.6 Dodging
 + Level 1.0 Stealth
 + Level 1.0 Shields
 + Level 6.5 Unarmed Combat
 + Level 5.0 Spellcasting
 + Level 0.7 Conjurations
 + Level 0.7 Hexes
 + Level 0.7 Summonings
 + Level 0.7 Necromancy
 + Level 0.7 Translocations
 + Level 3.8 Transmutations
 + Level 0.7 Fire Magic
 + Level 0.7 Ice Magic
 + Level 0.7 Air Magic
 + Level 0.7 Earth Magic
 + Level 0.7 Poison Magic
 + Level 1.1 Invocations
 + Level 1.0 Evocations


You had 3 spell levels left.
You knew the following spells:

 Your Spells              Type           Power      Damage    Failure   Level
a - Beastly Appendage     Tmut           28%        N/A       12%         1
b - Wereblood             Tmut           14%        N/A       16%         2
c - Gell's Gravitas       Tloc           5%         N/A       58%         3
d - Spider Form           Tmut/Pois      9%         N/A       41%         3

Your spell library contained the following spells:

 Spells                   Type           Power      Damage    Failure   Level
 Teleport Other           Tloc           5%         N/A       58%         3
 Ice Form                 Ice/Tmut       9%         N/A       77%         4
 Dispersal                Tloc           2%         N/A       100%        6


Dungeon Overview and Level Annotations

Branches:
Dungeon (3/15)

Altars:


Innate Abilities, Weirdness & Mutations

You are a venomous arachnid creature.
You have poisonous fangs.
You are tiny and dextrous.
Your spellcasting is less reliable in this form.
Your armour is entirely melded.
You are incapable of wielding weapons or throwing items.
((You have very sharp teeth.))
Your uncanny sense of smell can sniff out nearby items.
Your experience applies equally to all skills.


Message History

You punch the dart slug!
You kill the dart slug!
You see here a dart slug corpse.
You start resting.
Your transformation is almost over.
Your horns disappear.
Your talons disappear.
HP restored.
Casting: Beastly Appendage (safe; 3% risk of failure)
Confirm with . or Enter, or press ? or * to list all spells.
You can't see any susceptible monsters within range! (Use Z to cast anyway.)
A bat comes into view.
The bat moves out of view.
There is a stone staircase leading up here.
Casting: Beastly Appendage (safe; 3% risk of failure)
Confirm with . or Enter, or press ? or * to list all spells.
The spell is quite dangerous to miscast (21% risk of failure)!
Continue anyway?
You turn into a venomous arachnid creature.
Your scarf of shadows melds into your body.
Your +0 robe melds into your body.
The dungeon's light returns to normal.
Found a scroll labelled WURAGA ACYTEAW.
An orc and a worm come into view.
The orc priest shouts!
The orc priest completely misses you. The worm closely misses you.
You barely miss the orc priest.
The orc shouts!
The orc priest hits you with a +0 flail!
The worm completely misses you.
You hit the orc priest.
The orc priest is poisoned.
The orc priest is moderately wounded.
The orc barely misses you.
A giant cockroach comes into view.
The orc priest hits you with a +0 flail!
You hit the orc priest.
The orc priest looks as sick as possible!
The orc priest is heavily wounded.
The orc hits you but does no damage. The orc priest closely misses you.
The worm misses you.
The orc priest mumbles some strange prayers to Beogh against you.
Beogh smites you!
You die...

## #....# #.#
##..#....# #.#
.?..#....##.#.#
............#.#
##..#..##†####.##
#..........<)...#
. ...##......##..#
...#.#...........#
.....b..s#######.#
.##.#.o.# #.#
#.ow# #.# #.o.#
#.# .#B..# #.#
.....#######.#
.............#
.#..#.#########
...#.#


You could see a worm, an orc priest (extremely poisoned), 2 orcs, a giant
cockroach and a bat.

Vanquished Creatures
  An adder (D:2)
  2 worms (D:2)
  2 dart slugs
  2 endoplasms (D:2)
  7 goblins
  A hobgoblin (D:1)
  4 jackals (D:2)
  A quokka (D:1)
  7 ball pythons
  2 bats (D:1)
  3 kobolds (D:1)
  3 rats (D:1)
35 creatures vanquished.

Notes
Turn   | Place    | Note
-------+----------+-------------------------------------------
     0 | D:1      | Woods the Gnoll Transmuter began the quest for the Orb.
     0 | D:1      | Reached XP level 1. HP: 17/17 MP: 6/6
   127 | D:1      | Found a faded altar of an unknown god.
   134 | D:1      | Reached XP level 2. HP: 21/23 MP: 5/7
  1064 | D:2      | Reached XP level 3. HP: 26/28 MP: 9/9
  1082 | D:2      | Reached skill level 5 in Spellcasting
  1383 | D:2      | Reached skill level 1 in Invocations
  2152 | D:2      | Learned a level 2 spell: Wereblood
  2156 | D:2      | Learned a level 3 spell: Gell's Gravitas
  2173 | D:2      | Reached skill level 1 in Short Blades
  2173 | D:2      | Reached skill level 1 in Long Blades
  2173 | D:2      | Reached skill level 1 in Axes
  2173 | D:2      | Reached skill level 1 in Maces & Flails
  2173 | D:2      | Reached skill level 1 in Polearms
  2173 | D:2      | Reached skill level 1 in Staves
  2173 | D:2      | Reached skill level 1 in Slings
  2173 | D:2      | Reached skill level 1 in Bows
  2173 | D:2      | Reached skill level 1 in Crossbows
  2173 | D:2      | Reached skill level 1 in Throwing
  2173 | D:2      | Reached skill level 1 in Armour
  2173 | D:2      | Reached skill level 1 in Stealth
  2173 | D:2      | Reached skill level 1 in Shields
  2173 | D:2      | Reached skill level 1 in Evocations
  2177 | D:2      | Learned a level 3 spell: Spider Form
  2283 | D:3      | Killed from afar by an orc priest

Illustrated notes

Levels and vault maps discovered:
D:1:      eino_arrival_cavern_b, layout_basic,
          nicolae_ecumenical_snake_handling, st_stairs_5
D:2:      layout_loops_ring, hangedman_decor_push, kennysheep_generic_room_8
D:3:      layout_basic, hangedman_decor_peaks_small, minmay_between

Skill      XL: |  1  2  3 |
---------------+----------+-----
Spellcasting   | 5 |  5.0
Invocations    | 1 |  1.1
Short Blades   | 1 |  1.0
Long Blades    | 1 |  1.0
Axes           | 1 |  1.0
Maces & Flails | 1 |  1.0
Polearms       | 1 |  1.0
Staves         | 1 |  1.0
Slings         | 1 |  1.0
Bows           | 1 |  1.0
Crossbows      | 1 |  1.0
Throwing       | 1 |  1.0
Armour         | 1 |  1.0
Stealth        | 1 |  1.0
Shields        | 1 |  1.0
Evocations     | 1 |  1.0
Fighting       | |  2.7
Dodging        | |  4.6
Unarmed Combat | |  6.5
Conjurations   | |  0.7
Hexes          | |  0.7
Summonings     | |  0.7
Necromancy     | |  0.7
Translocations | |  0.7
Transmutations | |  3.8
Fire Magic     | |  0.7
Ice Magic      | |  0.7
Air Magic      | |  0.7
Earth Magic    | |  0.7
Poison Magic   | |  0.7

Action                   || total
-------------------------++-------
Melee: Unarmed           ||    83
       Headbutt          ||     6
       Kick              ||    12
       Punch             ||     7
       Bite              ||     7
 Cast: Beastly Appendage ||    16
       Spider Form       ||     1
 Stab: Sleeping          ||     1
Armor: Robe              ||    10
       Skin              ||     1
Dodge: Dodged            ||    52
